 Dungeon Crawl Stone Soup version 0.23.2-40-g277498a001 (webtiles) character file.

Game seed: 14777147240213022298

1864 ANON1729 the Chopper (level 9, -8/86 HPs)
             Began as a Naga Gladiator on Sept 19, 2019.
             Was a Priest of Uskayaw.
             Mangled by an orc warrior
             ... wielding a +0 long sword
              (18 damage)
             ... on level 7 of the Dungeon.
             The game lasted 00:10:24 (7942 turns).

ANON1729 the Chopper (Naga Gladiator)               Turns: 7942, Time: 00:10:25

Health: -8/86      AC:  6    Str: 19    XL:     9   Next: 13%
Magic:  0/9        EV: 11    Int: 10    God:    Uskayaw [***...]
Gold:   417        SH:  0    Dex: 12    Spells: 8/8 levels left

rFire    . . .     SeeInvis +   a - +0 war axe
rCold    . . .     Gourm    .   (no shield)
rNeg     + . .     Faith    .   b - +0 leather armour
rPois    +         Spirit   .   c - +0 helmet
rElec    .         Reflect  .   (no cloak)
rCorr    .         Harm     .   e - +0 pair of gloves
MR       +....                  (no barding)
Stlth    +.........             (no amulet)
HPRegen  0.24/turn              D - ring of positive energy
MPRegen  0.11/turn              (no ring)

@: short of breath, very slow
A: large, see invisible, deformed body, poison resistance, slowness 2, slow
metabolism 1, spit poison 1, AC +3
a: Spit Poison, Stomp, Line Pass, Renounce Religion


You were on level 7 of the Dungeon.
You worshipped Uskayaw.
Uskayaw was noncommittal.
You were hungry.

You visited 2 branches of the dungeon, and saw 8 of its levels.

You collected 417 gold pieces.

Inventory:

Hand Weapons
 a - a +0 war axe (weapon)
 k - a +4 dagger
Missiles
 d - 3 throwing nets (quivered)
Armour
 b - a +0 leather armour (worn)
 c - a +0 helmet (worn)
 e - a +0 pair of gloves (worn)
 v - a +0 chain mail
Jewellery
 D - a ring of positive energy (left hand)
 F - a +2 ring of intelligence {unknown}
Wands
 C - a wand of polymorph (3)
Scrolls
 h - 11 scrolls of identify {unknown}
 i - 6 scrolls of teleportation {unknown}
 j - 2 scrolls of enchant weapon {unknown}
 l - 2 scrolls of remove curse {unknown}
 p - 2 scrolls of enchant armour {unknown}
 r - a scroll of fog {unknown}
 u - 3 scrolls of amnesia {unknown}
 x - a scroll of fear {unknown}
 y - a scroll of blinking {unknown}
 z - a scroll of immolation {unknown}
 E - a scroll of noise {unknown}
Potions
 g - a potion of ambrosia {unknown}
 m - a potion of mutation {unknown}
 n - 3 potions of brilliance {unknown}
 o - 2 potions of degeneration {unknown}
 q - 2 potions of cancellation {unknown}
 s - a potion of curing {unknown}
 t - a potion of agility {unknown}
 w - a potion of flight {unknown}
 A - a potion of heal wounds {unknown}
 B - a potion of resistance {unknown}
Comestibles
 f - 11 rations


   Skills:
 * Level 7.5 Fighting
 * Level 7.9 Axes
 - Level 1.7 Throwing
 + Level 4.9 Dodging


You had 8 spell levels left.
You didn't know any spells.
Your spell library contained the following spells:

 Spells                   Type           Power        Failure   Level  Hunger
 Animate Skeleton         Necr           N/A          41%         1    ##.....
 Pain                     Necr           #...         41%         1    ##.....
 Regeneration             Chrm/Necr      #.........   80%         3    ####...
 Vampiric Draining        Necr           #.........   80%         3    ####...
 Animate Dead             Necr           N/A          99%         4    #####..


Dungeon Overview and Level Annotations

Branches:
Dungeon (7/15)             Temple (1/1) D:6

Altars:
Ashenzari
Cheibriados
Dithmenos
Fedhas
Gozag
Hepliaklqana
Kikubaaqudgha
Nemelex Xobeh
Okawaru
Qazlal
Ru
Sif Muna
Uskayaw
Xom
Yredelemnul
The Shining One


Innate Abilities, Weirdness & Mutations

You cannot wear boots.
Your serpentine skin is tough. (AC +3)
You have supernaturally acute eyesight. (SInv)
Armour fits poorly on your strangely shaped body.
Your system is resistant to poisons. (rPois)
You cover ground very slowly.
You have a slow metabolism.
You can spit poison.


Message History

Uskayaw will force your foes to helplessly watch your dance.
You closely miss the orc warrior.
The orc warrior is severely wounded.
You hit the orc.
You kill the orc!
The orc warrior hits you with a +0 long sword!
* * * LOW HITPOINT WARNING * * *
Unknown command.
You stomp with the beat, sending a shockwave through the revelers around you!
The orc warrior is almost dead.
You are feeling hungry.
The orc warrior barely misses you.
Uskayaw will force your foes to helplessly watch your dance.
Unknown command.
Press: ? - help, Shift-Dir - straight line, f - orc warrior
Aim: an orc warrior, wielding a +0 long sword and wearing a +0 chain mail (almost dead)
The splash of poison misses the orc warrior.
You feel slightly more hungry.
The orc warrior hits you with a +0 long sword!!
You die...

#..##.............#
#.##.............# #
..##............### .#!
..##....(.........# ....
...#..............##....
......#..#..#...........
#..##########...........
#...# ##.....)......
##.## #....)@)...... ###
#.....o))......
##...(.........
###.......#...
###......... ..#.......
.......... #.. .......


You could see an orc warrior.

Vanquished Creatures
  Edmund (D:5)
  A sky beast (D:5)
  An ice beast (D:6)
  A centaur (D:6)
  A big kobold (D:7)
  A bullfrog (D:6)
  A wyvern zombie (D:6)
  3 scorpions
  3 howler monkeys
  A bullfrog zombie (D:5)
  4 crimson imps
  3 bullfrog skeletons
  2 orc wizards
  4 orc priests
  A hound (D:4)
  A centaur skeleton (D:7)
  2 iguanas (D:4)
  Natasha (thrice) (D:4)
  3 worker ants
  2 hound skeletons
  A worker ant zombie (D:5)
  Robin (D:3)
  A howler monkey skeleton (D:6)
  12 adders
  2 shadow imps
  An ooze (D:1)
  An adder skeleton (D:4)
  An adder zombie (D:7)
  3 worms (D:3)
  8 leopard geckos
  14 orcs
  3 ball pythons
  5 giant cockroaches
  11 goblins
  12 hobgoblins
  14 jackals
  7 quokkas
  7 bats
  6 frilled lizards
  16 kobolds
  6 rats
171 creatures vanquished.

Vanquished Creatures (others)
  An orc warrior (D:7)
  A centaur (D:7)
  A bullfrog (D:7)
  A wight (D:7)
  A howler monkey (D:7)
  A hound (D:7)
  An iguana (D:7)
7 creatures vanquished.

Grand Total: 178 creatures vanquished

Notes
Turn   | Place    | Note
-------+----------+-------------------------------------------
     0 | D:1      | ANON1729 the Naga Gladiator began the quest for the Orb.
     0 | D:1      | Reached XP level 1. HP: 19/19 MP: 1/1
   257 | D:1      | Reached XP level 2. HP: 25/26 MP: 2/2
   507 | D:1      | Reached XP level 3. HP: 14/33 MP: 3/3
  1241 | D:2      | Reached XP level 4. HP: 38/42 MP: 4/4
  2046 | D:3      | Reached XP level 5. HP: 10/49 MP: 5/5
  2396 | D:3      | Noticed Robin
  2759 | D:3      | Killed Robin
  3683 | D:4      | Reached XP level 6. HP: 33/57 MP: 6/6
  3922 | D:4      | Reached skill level 5 in Axes
  3937 | D:4      | Noticed Natasha
  3944 | D:4      | Killed Natasha
  4604 | D:4      | Noticed Natasha
  4877 | D:4      | Reached XP level 7. HP: 38/66 MP: 7/7
  5075 | D:4      | Reached skill level 5 in Fighting
  5242 | D:5      | Entered Level 5 of the Dungeon
  5242 | D:5      | Noticed Edmund
  5434 | D:4      | Killed Natasha
  5685 | D:4      | Noticed Natasha
  5692 | D:4      | Killed Natasha
  6138 | D:5      | Killed Edmund
  6138 | D:5      | Reached XP level 8. HP: 35/76 MP: 8/8
  7463 | D:6      | Found a staircase to the Ecumenical Temple.
  7472 | Temple   | Entered the Ecumenical Temple
  7480 | Temple   | Became a worshipper of Uskayaw the Reveler
  7611 | D:6      | Reached * piety under Uskayaw
  7818 | D:7      | Found a shimmering altar of Xom.
  7872 | D:7      | Reached XP level 9. HP: 86/86 MP: 9/9
  7894 | D:7      | Reached ** piety under Uskayaw
  7897 | D:7      | Reached *** piety under Uskayaw
  7942 | D:7      | Mangled by an orc warrior

Skill      XL: |  1  2  3  4  5  6  7  8 |
---------------+-------------------------+-----
Fighting       | 3 4 6 7 |  7.5
Axes           | 4 5 6 7 |  7.9
Dodging        | 3 4 |  4.9
Throwing       | |  1.7

Action                   |  1- 3 |  4- 6 |  7- 9 || total
-------------------------+-------+-------+-------++-------
Melee: War axe           |    80 |   240 |   224 ||   544
       Unarmed           |       |       |     4 ||     4
Throw: Throwing net      |       |     1 |       ||     1
Invok: Stomp             |       |       |     3 ||     3
 Abil: Spit Poison       |       |     4 |     7 ||    11
 Stab: Sleeping          |       |     1 |       ||     1
       Paralysed         |       |       |     1 ||     1
  Eat: Chunk             |       |    10 |     5 ||    15
       Ration            |       |       |     1 ||     1
Armor: Leather armour    |    34 |    85 |    67 ||   186
Dodge: Dodged            |    59 |   164 |   136 ||   359
